 Dungeon Crawl Stone Soup version 0.28-a0-1206-g193881aaa2 (webtiles) character file.

Game seed: 18090594138182971666

135 leviel the Skirmisher (level 5, 0/47 HPs)
             Began as a Hill Orc Fighter on Dec 20, 2021.
             Was an Initiate of the Shining One.
             Slain by an orc priest (1 damage)
             ... on level 3 of the Dungeon.
             The game lasted 00:03:03 (1969 turns).

leviel the Skirmisher (Hill Orc Fighter)            Turns: 1969, Time: 00:03:04

Health: 0/47       AC:  9    Str: 21    XL:     5   Next: 18%
Magic:  5/5        EV:  9    Int:  8    God:    the Shining One [......]
Gold:   75         SH:  4    Dex: 10    Spells: 4/4 levels left

rFire   . . .      SeeInvis .   a - +0 war axe
rCold   + . .      Faith    .   c - +0 buckler
rNeg    . . .      Spirit   .   b - +0 scale mail
rPois   .          Reflect  .   j - +0 helmet
rElec   .          Harm     .   (no cloak)
rCorr   +          Rampage  .   (no gloves)
Will    .....                   p - +0 pair of boots
Stlth   ..........              (no amulet)
HPRegen 0.15/turn               n - ring of resist corrosion
MPRegen 0.09/turn               k - ring of protection from cold

@: glowing
A: no striking features
a: Renounce Religion, Convert to Beogh


You were on level 3 of the Dungeon.
You worshipped the Shining One.
The Shining One was noncommittal.
You visited 1 branch of the dungeon, and saw 5 of its levels.

You collected 75 gold pieces.

Inventory:

Hand Weapons
 a - a +0 war axe (weapon)
Missiles
 h - 5 javelins (quivered)
Armour
 b - a +0 scale mail (worn)
 c - a +0 buckler (worn)
 j - a +0 helmet (worn)
 p - a +0 pair of boots (worn)
Jewellery
 k - a ring of protection from cold (right hand)
 n - a ring of resist corrosion (left hand)
Scrolls
 l - a scroll of teleportation {unknown}
Potions
 d - a potion of might
 e - 2 potions of attraction
 i - a potion of brilliance {unknown}
 m - a potion of mutation {unknown}
 o - a potion of resistance {unknown}


   Skills:
 + Level 4.6 Fighting
 + Level 4.1 Axes
 + Level 4.2 Armour
 + Level 4.2 Shields


You had 4 spell levels left.
You didn't know any spells.
Your spell library contained the following spells:

 Spells                   Type           Power      Damage    Failure   Level
 Call Canine Familiar     Summ           0%         N/A       98%         3
 Portal Projectile        Hex/Tloc       0%         N/A       98%         3
 Leda's Liquefaction      Hex/Erth       0%         N/A       100%        4


Dungeon Overview and Level Annotations

Branches:
Dungeon (5/15)
 Temple: D:4-7

Altars:
The Shining One


Message History

You cannot move.
You cannot move.
You cannot move.
You cannot move.
You closely miss the orc priest.
The orc priest shouts, "Beogh is our master!
Accept the truth or die!" x3
The orc priest hits you with a +1 vorpal hand axe. x2
You hit the orc priest.
The orc priest shouts, "Join the one true god or die!"
The orc priest is moderately wounded.
The orc priest shouts, "Surrender to Beogh and we'll let you live!"
The orc priest hits you but does no damage.
You completely miss the orc priest.
The orc priest is moderately wounded.
You block the orc priest's attack.
You barely miss the orc priest.
The orc priest is moderately wounded.
The orc priest hits you but does no damage.
You block the orc priest's attack.
You closely miss the orc priest.
The orc priest is moderately wounded.
The orc priest hits you with a +1 vorpal hand axe.
You barely miss the orc priest.
The orc priest is moderately wounded.
You feel less wooden.
Your +0 helmet unmelds from your body.
Your +0 pair of boots unmelds from your body.
Your +0 scale mail unmelds from your body.
The orc priest invokes the aid of Beogh against you.
Pain shoots through your body!
* * * LOW HITPOINT WARNING * * *
You closely miss the orc priest.
The orc priest is moderately wounded.
You block the orc priest's attack.
You barely miss the orc priest.
The orc priest is moderately wounded.
The orc priest hits you but does no damage.
The orc priest hits you with a +1 vorpal hand axe.
* * * LOW HITPOINT WARNING * * *
You die...

#.## ###
...########
.......@o.#
...######.# #.#
## #.###....
...######lo......
.........o.###...
....l......#
...............
...........####


You could see an orc priest.

Vanquished Creatures
  A hound skeleton (D:4)
  6 adders
  A dart slug (D:1)
  6 orcs
  4 endoplasms
  2 giant cockroaches (D:1)
  8 goblins
  5 hobgoblins
  3 kobolds
  5 quokkas
  2 ball pythons
  6 bats
  6 frilled lizards
  5 rats
60 creatures vanquished.

Notes
Turn   | Place    | Note
-------+----------+-------------------------------------------
     0 | D:1      | leviel the Hill Orc Fighter began the quest for the Orb.
     0 | D:1      | Reached XP level 1. HP: 19/19 MP: 1/1
    93 | D:1      | Found a faded altar of an unknown god.
   115 | D:1      | Reached XP level 2. HP: 24/27 MP: 2/2
   333 | D:1      | Reached XP level 3. HP: 16/33 MP: 3/3
  1165 | D:2      | Reached XP level 4. HP: 38/40 MP: 4/4
  1423 | D:3      | You fall into a shaft and drop 2 floors!
  1423 | D:5      | Entered Level 5 of the Dungeon
  1428 | D:5      | Noticed a centaur
  1429 | D:5      | Noticed a scorpion
  1547 | D:4      | Found a glowing golden altar of the Shining One.
  1562 | D:4      | Became a worshipper of the Shining One
  1774 | D:3      | Reached XP level 5. HP: 47/47 MP: 5/5
  1967 | D:3      | HP: 2/47 [orc priest/nerve-wracking pain (13)]
  1969 | D:3      | Slain by an orc priest

Illustrated notes

Levels and vault maps discovered:
D:1:      ncdulo_watergridlock, layout_rooms, hellmonk_ecumenical_altar_run_dry
D:2:      layout_loops_ring, serial_glass, glass_columns_a, glass_columns_c,
          glass_columns_b, glass_columns_a, glass_columns_a, glass_columns_b,
          glass_columns_b, glass_columns_a, glass_columns_b, glass_columns_b,
          corner_web_ring
D:3:      layout_basic, marbit_many_paths, hellmonk_ghost_happy_afterlife
D:4:      layout_basic, mainiacjoe_overflow_catwalk
D:5:      layout_cave_pools, minivault_4, grunt_decor_fettered,
          minmay_misc_feat_diagonals, uniq_menkaure

Skill      XL: |  1  2  3  4 |
---------------+-------------+-----
Axes           | 3 4 |  4.1
Fighting       | 4 |  4.6
Armour         | 4 |  4.2
Shields        | 4 |  4.2

Action                   |  1- 3 |  4- 6 || total
-------------------------+-------+-------++-------
Melee: War axe           |   122 |    69 ||   191
  Use: Scroll            |       |     2 ||     2
       Potion            |       |     2 ||     2
Armor: Scale mail        |    56 |    32 ||    88
       Skin              |       |    12 ||    12
Dodge: Dodged            |    73 |    39 ||   112
Block: Buckler           |    35 |    16 ||    51

Table legend: (Time is in decaauts)
 A = Elapsed time spent in this place.
 B = Non-inter-level travel time spent in this place.
 C = Inter-level travel time spent in this place.
 D = Time resting spent in this place.
 E = Time spent auto-exploring this place.
 F = Levels seen in this place.
 G = Mean time per level.
                   A        B        C        D        E       F      G
               +--------+--------+--------+--------+--------+-----+--------+
         Total |   2032 |   1958 |     74 |    149 |   1294 |   5 |  406.4 |
       Dungeon |   2032 |   1958 |     74 |    149 |   1294 |   5 |  406.4 |
               +--------+--------+--------+--------+--------+-----+--------+

Top non-repeatable levels by time:
     D:2: 801 daAuts
     D:1: 667 daAuts
     D:4: 339 daAuts
     D:3: 211 daAuts
     D:5: 13 daAuts
